 Dungeon Crawl Stone Soup version 0.32-a0-876-gcfddb08e57 (webtiles) character file.

Game seed: 6732310363807380803

543 pokeman the Magician (level 7, 0/39 HPs)
             Began as a Deep Elf Hedge Wizard on Apr 1, 2024.
             Slain by a gnoll
             ... wielding the +1 halberd of the Wizarding Gods {venom, Int+2}
              (7 damage)
             ... on level 3 of the Dungeon.
             The game lasted 00:09:27 (5142 turns).

pokeman the Magician (Deep Elf Hedge Wizard)        Turns: 5142, Time: 00:09:28

Health: 0/39       AC:  2    Str: 13    XL:     7   Next: 6%
Magic:  12/20      EV: 12    Int: 21    God:
Gold:   170        SH:  0    Dex: 14    Spells: 10/21 levels left

rFire   . . .        l - +4 dagger of Ydghuf {spect, rElec rC- Str+6}
rCold   x . .        (no shield)
rNeg    . . .        b - +0 robe
rPois   .            c - +0 hat
rElec   +            (no cloak)
rCorr   .            (no gloves)
SInv    .            (no boots)
Will    .....        (no amulet)
Stlth   ++           (no ring)
HPRegen 0.26/turn    (no ring)
MPRegen 0.17/turn

%: no passive effects
@: lethally poisoned (0 -> -9), very slightly contaminated
A: no striking features
a: no special abilities


You were on level 3 of the Dungeon.
You visited 1 branch of the dungeon, and saw 3 of its levels.
You also visited: Sewer.

You collected 170 gold pieces.

Inventory:

Hand Weapons
 l - the +4 dagger of Ydghuf (weapon) {spect, rElec rC- Str+6}
   (You found it in a sewer)

   Str+6:     It affects your strength (+6).
   rC-:       It makes you vulnerable to cold.
   rElec:     It insulates you from electricity.
Missiles
 o - a throwing net
Armour
 b - a +0 robe (worn)
 c - a +0 hat (worn)
Magical Staves
 j - a staff of cold
 p - a staff of conjuration
Scrolls
 g - a scroll of identify {unknown}
 i - 4 scrolls of teleportation {unknown}
 k - 2 scrolls of immolation {unknown}
 n - a scroll of noise {unknown}
Potions
 a - 2 potions of might {unknown}
 d - a potion of magic
 e - a potion of heal wounds {unknown}
 f - a potion of curing {unknown}
 h - a potion of haste {unknown}
 m - a potion of resistance {unknown}


   Skills:
 + Level 1.7 Fighting
 - Level 1.0 Armour
 - Level 3.0 Dodging
 - Level 3.0 Stealth
 * Level 7.6 Spellcasting
 + Level 3.5 Conjurations
 - Level 1.1 Summonings
 - Level 1.1 Translocations
 + Level 2.2 Ice Magic
 - Level 1.0 Air Magic
 - Level 1.0 Alchemy
 - Level 1.0 Evocations


You had 10 spell levels left.
You knew the following spells:

 Your Spells              Type           Power      Damage    Failure   Level
a - Magic Dart            Conj           92%        1d7       1%          1
b - Mephitic Cloud        Conj/Alch/Air  15%        N/A       12%         3
c - Call Imp              Summ           24%        N/A       8%          2
d - Blink                 Tloc           24%        N/A       8%          2
e - Summon Ice Beast      Ice/Summ       15%        N/A       13%         3

Your spell library contained the following spells:

 Spells                   Type           Power      Damage    Failure   Level
 Slow                     Hex            28%        N/A       9%          1
 Cigotuvi's Dreadful Rot  Necr/Alch/Air  20%        N/A       10%         2
 Summon Mana Viper        Hex/Summ       10%        N/A       88%         5
 Monstrous Menagerie      Summ           6%         N/A       100%        7


Dungeon Overview and Level Annotations

Branches:
Dungeon (3/15)              Sewer (visited)

Altars:

Annotations:
D:3 1 transporter, AutarchDCSS's ghost, amateur DrBr


Message History

The gnoll appears confused.
The gnoll zaps a wand.
You easily resist.
The gnoll hits you from afar with the +1 halberd of the Wizarding Gods!
You are poisoned.
Unknown command.
Unknown command.
Casting: Mephitic Cloud (dangerous; 12% risk of failure)
Confirm with . or Enter, or press ? or * to list all spells.
Aiming: Mephitic Cloud (dangerous; 12% risk of failure)
Press: ? - help, Shift-Dir - straight line, f - gnoll, p - gnoll
Aim: a gnoll, wielding a +2 halberd of chaos and wearing the ring of the Mage {Wiz Archmagi} (chance to affect: 91%)
The ball explodes into a vile cloud!
The stinking cloud engulfs the gnoll. x4
The gnoll is moderately wounded.
You feel sick.
The gnoll is engulfed in noxious fumes.
The gnoll barely misses the gnoll.
The gnoll hits itself with a +0 whip.
The gnoll is engulfed in noxious fumes.
The gnoll appears confused.
The gnoll is engulfed in noxious fumes.
The gnoll appears confused.
The gnoll hits the gnoll with a +2 halberd of chaos!
The gnoll hits you from afar with the +1 halberd of the Wizarding Gods.
You are more poisoned.
Unknown command.
You struggle against the net.
* * * LOW HITPOINT WARNING * * *
You feel very sick.
The gnoll is engulfed in noxious fumes.
The gnoll appears confused.
The gnoll hits the gnoll with a +2 halberd of chaos!
The gnoll is killed!
The gnoll is engulfed in noxious fumes.
The gnoll appears confused.
The gnoll mumbles something.
The gnoll throws a stone.
The stone hits you.
* * * LOW HITPOINT WARNING * * *
You rip the net and break free!
* * * LOW HITPOINT WARNING * * *
You feel sick.
The gnoll is engulfed in noxious fumes.
The gnoll appears confused.
The gnoll chortles and stares into space.
The gnoll hits the gnoll with a +0 spear!
The gnoll is killed!
The gnoll is engulfed in noxious fumes.
The gnoll appears confused.
The gnoll hits you from afar with the +1 halberd of the Wizarding Gods!
You die...

#.≈≈≈≈≈≈≈≈≈≈≈≈~≈≈≈≈≈≈≈≈≈≈≈≈.#..#
#.≈≈≈≈≈≈≈≈≈≈≈≈~≈≈≈≈≈≈≈≈≈≈≈≈....#
##.≈≈#####.....).....#####≈≈.#..#
#..≈≈#.#.#.###.©.###.#.#.#≈≈....#
...≈≈#...###.#####.###...#≈≈..#.#
.#.≈≈###.........g.....###≈≈..#.#
.#.≈≈.ß#.######+###'##.#ß.≈≈.##.#
.#.≈≈.##.#..W#ß..#§○g#.##.≈≈.##.#
.#.~~.#..'$.:#⌠©@g§§.'..#.~~.##.#
...≈≈.##.#$..#ß..#g..#.##.≈≈.##.#
.#.≈≈.ß#.######+###'##.#ß.≈≈.##..
.#.≈≈###...............###≈≈.####
.#.≈≈#...###©#####.###...#≈≈.....
##.≈≈#[#.#.###.©.###.#.#.#≈≈.####
#.≈≈#####...........#####≈≈.# #.
#.≈≈≈≈≈≈≈≈≈≈≈...≈≈≈≈≈≈≈≈≈≈≈.###.
##.≈≈≈≈≈≈≈≈≈≈≈...≈≈≈≈≈≈≈≈≈≈≈.....


You could see 3 gnolls.

Vanquished Creatures
  A bullfrog (Sewer)
  A howler monkey (D:2)
  A bombardier beetle (D:3)
  An orc wizard (D:3)
  4 gnolls
  13 adders
  18 dart slugs
  3 ribbon worms
  4 orcs (D:3)
  7 bats
  18 endoplasms
  8 giant cockroaches
  10 goblins
  3 hobgoblins
  2 quokkas (D:3)
  17 ball pythons
  14 frilled lizards
  5 kobolds
  4 rats
134 creatures vanquished.

Vanquished Creatures (collateral kills)
  A bullfrog (Sewer)
1 creature vanquished.

Grand Total: 135 creatures vanquished

Notes
Turn   | Place    | Note
-------+----------+-------------------------------------------
     0 | D:1      | pokeman the Deep Elf Hedge Wizard began the quest for the
                  | Orb.
     0 | D:1      | Reached XP level 1. HP: 10/10 MP: 7/7
    54 | D:1      | Reached XP level 2. HP: 16/16 MP: 0/9
   651 | D:1      | Reached skill level 5 in Spellcasting
   836 | D:1      | Reached XP level 3. HP: 20/20 MP: 8/11
   840 | D:1      | Learned a level 3 spell: Mephitic Cloud
   843 | D:1      | Learned a level 2 spell: Call Imp
   846 | D:1      | Learned a level 2 spell: Blink
  1369 | D:2      | Found a faded altar of an unknown god.
  1427 | D:2      | Reached skill level 1 in Fighting
  1427 | D:2      | Reached skill level 1 in Armour
  1781 | D:2      | Reached XP level 4. HP: 23/25 MP: 6/13
  2216 | D:2      | Reached skill level 6 in Spellcasting
  2395 | D:3      | Reached XP level 5. HP: 29/29 MP: 11/15
  2427 | D:3      | Found a glowing drain.
  2517 | Sewer    | Entered a sewer
  3357 | Sewer    | Reached skill level 1 in Evocations
  3536 | Sewer    | Reached skill level 1 in Alchemy
  3561 | Sewer    | Reached skill level 1 in Ice Magic
  3657 | Sewer    | Reached skill level 1 in Air Magic
  3657 | Sewer    | Reached XP level 6. HP: 34/34 MP: 13/17
  3835 | Sewer    | Reached skill level 7 in Spellcasting
  3937 | Sewer    | Identified the +4 dagger of Ydghuf {spect, rElec rC- Str+6}
  4151 | D:3      | Found a transporter.
  4151 | D:3      | Found a transporter.
  4152 | D:3      | Identified the +1 halberd of the Wizarding Gods {venom,
                  | Int+2}
  4326 | D:3      | Learned a level 3 spell: Summon Ice Beast
  4400 | D:3      | Noticed AutarchDCSS's ghost (amateur DrBr)
  4757 | D:3      | Reached XP level 7. HP: 39/39 MP: 10/20
  5142 | D:3      | Slain by a gnoll

Illustrated notes

Levels and vault maps discovered:
D:1:      dpeg_arrival_lava_temple_mockup, layout_basic, st_stairs_9,
          corexii_hall_statues_x, chequers_serial_rivers_large_a,
          minmay_misc_feat_doors
D:2:      wad_crossroads, layout_rooms, hellmonk_ecumenical_altar_zigzags,
          kennysheep_minor_cross
D:3:      minmay_octagon_keep, layout_loops_ring, gammafunk_ghost_gnarly_gnolls,
          mainiacjoe_sewer_entry_somewhere_in_here_1

Skill      XL: |  1  2  3  4  5  6 |
---------------+-------------------+-----
Spellcasting   | 5 6 7 |  7.6
Fighting       | 1 |  1.7
Armour         | 1 |  1.0
Conjurations   | 2 3 |  3.5
Stealth        | 3 |  3.0
Dodging        | 3 |  3.0
Evocations     | 1 |  1.0
Alchemy        | 1 |  1.0
Ice Magic      | 1 2 |  2.2
Air Magic      | 1 |  1.0
Summonings     | |  1.1
Translocations | |  1.1

Action                     |  1- 3 |  4- 6 |  7- 9 || total
---------------------------+-------+-------+-------++-------
  Melee: Dagger            |     6 |    21 |       ||    27
   Cast: Magic Dart        |    89 |   247 |    11 ||   347
         Mephitic Cloud    |       |     8 |     2 ||    10
         Call Imp          |       |     4 |       ||     4
         Blink             |       |     1 |       ||     1
   Stab: Confused          |       |     7 |       ||     7
 Armour: Robe              |    11 |    33 |     7 ||    51
  Dodge: Dodged            |    15 |    29 |     3 ||    47

Table legend: (Time is in decaauts)
 A = Elapsed time spent in this place.
 B = Non-inter-level travel time spent in this place.
 C = Inter-level travel time spent in this place.
 D = Time resting spent in this place.
 E = Time spent auto-exploring this place.
 F = Levels seen in this place.
 G = Mean time per level.
                   A        B        C        D        E       F      G
               +--------+--------+--------+--------+--------+-----+--------+
         Total |   5223 |   5078 |    145 |    254 |   3981 |   4 | 1305.8 |
       Dungeon |   3729 |   3584 |    145 |    254 |   2735 |   3 | 1243.0 |
         Sewer |   1494 |   1494 |      0 |      0 |   1246 |   1 | 1494.0 |
               +--------+--------+--------+--------+--------+-----+--------+

Top non-repeatable levels by time:
   Sewer: 1494 daAuts
     D:3: 1430 daAuts
     D:1: 1261 daAuts
     D:2: 1037 daAuts
